 Dungeon Sprint DCSS version 0.24.1-4-ge52af88ad5 (webtiles) character file.

Game seed: 6689232578054187604, levelgen mode: deterministic

11983 Groucho the Imperceptible (level 11, 58/58 HPs)
             Began as a Felid Berserker on Apr 18, 2020.
             Was the Champion of Trog.
             Got out of the dungeon alive.
             The game lasted 00:09:50 (1917 turns).

Groucho the Imperceptible (Felid Berserker)         Turns: 1917, Time: 00:09:51

Health: 58/58      AC:  4    Str: 18    XL:     11   Next: 56%
Magic:  12/12      EV: 35    Int: 11    God:    Trog [******]
Gold:   611        SH:  0    Dex: 22    Spells: 10/10 levels left
                                        Lives:  2   Deaths: 0

rFire    . . .     SeeInvis +     - Unarmed
rCold    . . .     Gourm    .   (shield unavailable)
rNeg     . . .     Faith    .   (armour unavailable)
rPois    .         Spirit   .   (helmet unavailable)
rElec    .         Reflect  .   (cloak unavailable)
rCorr    .         Harm     .   (gloves unavailable)
MR       +....     NoTele   +   (boots unavailable)
Stlth    +++++++++.             (no amulet)
HPRegen  0.19/turn              (no ring)
MPRegen  0.13/turn              (no ring)

@: mighty, brilliant, quick
A: very small, no armour, no weapons or thrown items, stealth, claws 1, fangs 3,
thin metallic scales 1, thin skeletal structure 1, see invisible, carnivore,
dopey 1, speed 1, sense surroundings 1, shaggy fur 2, slow metabolism 1, sharp
paws
a: Berserk, Trog's Hand, Brothers in Arms, Renounce Religion


You escaped.
You worshipped Trog.
Trog was exalted by your worship.
You were completely stuffed.

You visited 1 branch You collected 1420 gold pieces.
You spent 809 gold pieces at shops.

Inventory:

Jewellery
 i - the ring of the Mage {Wiz MR++ Int+3}
   (You found it in the Dungeon)

   [ring of wizardry]

   It improves your spell success rate.
   It affects your intelligence (+3).
   It affects your resistance to hostile enchantments.
Wands
 h - a wand of random effects (6)
 m - a wand of flame (24)
 n - a wand of paralysis (8)
Scrolls
 g - a scroll of vulnerability {unknown}
 j - a scroll of enchant weapon {unknown}
 l - a scroll of fog {unknown}
Potions
 b - 4 potions of curing
 c - 2 potions of heal wounds
 d - a potion of haste
 e - 2 potions of magic
 f - a potion of berserk rage
 k - 2 potions of flight
 o - a potion of resistance
 p - a potion of invisibility
Comestibles
 r - 4 rations
 s - 9 chunks of flesh


   Skills:
 + Level 13.4 Fighting
 + Level 16.8 Dodging
 + Level 22.7 Stealth
 + Level 13.4 Unarmed Combat


You had 10 spell levels left.
You didn't know any spells.
Your spell library was empty.

Dungeon Overview and Level Annotations

Branches:
Dungeon (1/1)

Altars:
Cheibriados
Dithmenos
Elyvilon
Fedhas
Gozag
Hepliaklqana
Kikubaaqudgha
Makhleb
Nemelex Xobeh
Okawaru
Qazlal
Ru
Sif Muna
Trog
Uskayaw
Vehumet
Wu Jian
Xom
Yredelemnul
Zin
The Shining One
Jiyva
Lugonu

Shops:
D (::}[[?}!:%[(*(?(!([!


Innate Abilities, Weirdness & Mutations

You cannot wear armour.
You are incapable of wielding weapons or throwing items.
Your paws allow you to move quietly. (Stealth)
You have sharp claws.
You have razor-sharp teeth.
You have supernaturally acute eyesight. (SInv)
You are carnivorous and can eat meat at any time.
You cover ground quickly.
You are covered in thick fur. (AC +2)
You have a slow metabolism.
Your sharp claws are effective at attacking unaware monsters.
You are partially covered in thin metallic scales. (AC +2)
You have a somewhat thin skeletal structure. (Dex +2, Stealth)
You are dopey. (Int -2)
You passively map a small area around you.


Message History

There is an open door here.
Search for what [Enter for "food", or ? for help]? fire Search for what [Enter for "fire", or ? for help]? pois
There is an open door, spattered with blood here.
Items here: ÷÷÷÷÷÷
There is an open door here.
There is an open door here.
There is an open door here.
There is an open door here.
There is an open door here.
There is an open door here.
Things that are here:
a +0 scythe; a +2 robe of fire resistance
There is an open door, spattered with blood here.
You see here a +0 giant club.
There is an open door here.
There is an open door here.
There is a staircase leading out of the dungeon here.
Are you sure you want to leave the Dungeon?
This will make you lose the game!
You have escaped!

##################
#@.#..'..#.)'..#__
#..'[.#.)'..#..'..
#..#####+#####'#__
#..####..#...#.###
#..#__####..##.#§§
#..#_____##'#_.§§§
#⌠⌠#_.∩...'..._#§§
####_..__##_.#'##§
#_____###'#(#§§


There were no monsters in sight!

Vanquished Creatures
  A hydra (D)
  2 centaur warriors (D)
  Sonja (D)
  A deep troll (D)
  2 unseen horrors (D)
  A lindwurm (D)
  2 shining eyes (D)
  An oklob plant (D)
  2 kobold demonologists (D)
  A hornet (D)
  A slime creature (D)
  2 redbacks (D)
  Sigmund (D)
  A yak (D)
  13 hogs (D)
  4 floating eyes (D)
  An ogre (D)
  7 necrophages (D)
  8 jellies (D)
  Ijyb (D)
53 creatures vanquished.

Vanquished Creatures (collateral kills)
  6 shining eyes (D)
  4 demonic crawlers (D)
  3 floating eyes (D)
13 creatures vanquished.

Vanquished Creatures (others)
  A gargoyle (D)
  2 ballistomycete spores (D)
3 creatures vanquished.

Grand Total: 69 creatures vanquished

Notes
Turn   | Place    | Note
-------+----------+-------------------------------------------
     0 | D        | Groucho the Felid Berserker began the quest for the Orb.
     0 | D        | Reached XP level 1. HP: 10/10 MP: 2/2
     2 | D        | Noticed Ijyb
     6 | D        | Killed Ijyb
     6 | D        | Reached skill level 8 in Stealth
     6 | D        | Reached XP level 2. HP: 14/14 MP: 3/3
    62 | D        | Noticed an ogre
    66 | D        | Killed an ogre
    66 | D        | Reached skill level 12 in Stealth
    66 | D        | Reached XP level 3. HP: 17/17 MP: 4/4
    66 | D        | Reached XP level 4. HP: 21/21 MP: 5/5
   114 | D        | Noticed Sigmund
   116 | D        | Killed Sigmund
   116 | D        | Reached ** piety under Trog
   116 | D        | Reached skill level 16 in Stealth
   116 | D        | Reached XP level 5. HP: 24/24 MP: 6/6
   116 | D        | Gained mutation: You are covered in thick fur. (AC +2)
                  | [Felid growth]
   116 | D        | Reached XP level 6. HP: 28/28 MP: 7/7
   134 | D        | Found a shimmering blue altar of Sif Muna.
   135 | D        | Found the ring of the Mage {Wiz MR++ Int+3}
   135 | D        | Found an ornate altar of the Wu Jian Council.
   136 | D        | Found a radiant altar of Vehumet.
   175 | D        | Found Ocuiqajod's Gadget Emporium.
   175 | D        | Found an ancient bone altar of Kikubaaqudgha.
   175 | D        | Found a hazy altar of Hepliaklqana.
   175 | D        | Found a stormy altar of Qazlal.
   175 | D        | Found a hide-covered altar of Uskayaw.
   175 | D        | Found a blossoming altar of Fedhas.
   175 | D        | Found a bloodstained altar of Trog.
   175 | D        | Found an iron altar of Okawaru.
   175 | D        | Found a basalt altar of Yredelemnul.
   175 | D        | Found a glowing golden altar of the Shining One.
   175 | D        | Found a snail-covered altar of Cheibriados.
   175 | D        | Found a sacrificial altar of Ru.
   175 | D        | Found a glowing silver altar of Zin.
   175 | D        | Found a shadowy altar of Dithmenos.
   175 | D        | Found a white marble altar of Elyvilon.
   175 | D        | Noticed a yak
   176 | D        | Found an opulent altar of Gozag.
   177 | D        | Killed a yak
   177 | D        | Reached skill level 17 in Stealth
   178 | D        | Found a sparkling altar of Nemelex Xobeh.
   196 | D        | Found a burning altar of Makhleb.
   196 | D        | Found a shimmering altar of Xom.
   196 | D        | Noticed a slime creature
   197 | D        | Found a viscous altar of Jiyva.
   197 | D        | Found a corrupted altar of Lugonu.
   205 | D        | Killed a slime creature
   205 | D        | Reached *** piety under Trog
   205 | D        | Reached skill level 5 in Fighting
   205 | D        | Reached skill level 5 in Unarmed Combat
   205 | D        | Reached XP level 7. HP: 34/34 MP: 8/8
   445 | D        | Noticed a centaur warrior
   445 | D        | Noticed a centaur warrior
   446 | D        | Killed a centaur warrior
   446 | D        | Reached skill level 18 in Stealth
   446 | D        | Reached XP level 8. HP: 40/40 MP: 9/9
   447 | D        | Killed a centaur warrior
   447 | D        | Reached skill level 19 in Stealth
   460 | D        | Noticed a hornet
   463 | D        | Killed a hornet
   463 | D        | Reached XP level 9. HP: 45/45 MP: 10/10
   474 | D        | Noticed an oklob plant
   476 | D        | Killed an oklob plant
   476 | D        | Reached **** piety under Trog
   768 | D        | Noticed an unseen horror
   769 | D        | Noticed an unseen horror
   775 | D        | Killed an unseen horror
   775 | D        | Reached skill level 10 in Fighting
   775 | D        | Reached skill level 20 in Stealth
   775 | D        | Reached skill level 10 in Unarmed Combat
   777 | D        | Killed an unseen horror
   777 | D        | Reached ***** piety under Trog
   777 | D        | Reached XP level 10. HP: 51/51 MP: 11/11
   901 | D        | Reached ****** piety under Trog
   912 | D        | Killed a gargoyle
   927 | D        | Found Paffunimp's Gadget Shoppe.
   927 | D        | Found Amutunt's Magic Scroll Shop.
   927 | D        | Found Giwihoec's Distillery.
   929 | D        | Found Dowkaorr's Book Emporium.
   929 | D        | Found Buetwu Mece's Food Shop.
   929 | D        | Found Reixzuq's Antique Armour Shoppe.
   929 | D        | Found Miwoiteu's Weapon Boutique.
   929 | D        | Found Ocelulau's General Store.
   929 | D        | Found Ruschi Zivvemp's Antique Weapon Shop.
   929 | D        | Found Jicocur's Magic Scroll Shoppe.
   933 | D        | Found Yngipomur's Weapon Boutique.
   936 | D        | Found Xoilil's Weapon Emporium.
   936 | D        | Found Kakhlodepn's Distillery.
   937 | D        | Found Ziron's Distillery.
   946 | D        | Bought a potion of flight for 30 gold pieces
   995 | D        | Noticed a deep troll
   997 | D        | Killed a deep troll
  1009 | D        | Found Ociozyol's Armour Emporium.
  1024 | D        | Noticed Sonja
  1027 | D        | Killed Sonja
  1027 | D        | Reached skill level 21 in Stealth
  1045 | D        | Found Waulabowk's Antique Weapon Boutique.
  1061 | D        | Noticed a shining eye
  1061 | D        | Noticed a shining eye
  1061 | D        | Noticed a shining eye
  1061 | D        | Noticed a shining eye
  1061 | D        | Noticed a shining eye
  1061 | D        | Noticed a shining eye
  1063 | D        | Killed a shining eye
  1064 | D        | Gained mutation: You are frail. (-10% HP) [a shining eye]
  1065 | D        | Noticed a shining eye
  1065 | D        | Noticed a shining eye
  1065 | D        | Killed a shining eye
  1067 | D        | Killed a shining eye
  1068 | D        | Paralysed by a floating eye for 2 turns
  1069 | D        | Killed a shining eye
  1069 | D        | Reached skill level 15 in Dodging
  1071 | D        | Killed a shining eye
  1071 | D        | Killed a shining eye
  1073 | D        | Killed a shining eye
  1075 | D        | Killed a shining eye
  1075 | D        | Reached XP level 11. HP: 51/51 MP: 12/12
  1084 | D        | Found Ciotzod's Book Shoppe.
  1084 | D        | Found Gusteb's Antique Armour Shop.
  1084 | D        | Found Tonautake's Book Emporium.
  1084 | D        | Found Lokkeror's Antique Armour Boutique.
  1158 | D        | Bought a potion of resistance for 110 gold pieces
  1170 | D        | Bought a potion of invisibility for 88 gold pieces
  1170 | D        | Bought a potion of heal wounds for 55 gold pieces
  1170 | D        | Bought a potion of mutation for 88 gold pieces
  1170 | D        | Bought a potion of mutation for 88 gold pieces
  1170 | D        | Lost mutation: You are frail. (-10% HP) [potion of
                  | mutation]
  1170 | D        | Gained mutation: You are partially covered in iridescent
                  | scales. (AC +2) [potion of mutation]
  1170 | D        | Gained mutation: You passively map a small area around you.
                  | [potion of mutation]
  1170 | D        | Gained mutation: You have a somewhat thin skeletal
                  | structure. (Dex +2, Stealth) [potion of mutation]
  1171 | D        | Lost mutation: You are partially covered in iridescent
                  | scales. (AC +2) [potion of mutation]
  1171 | D        | Gained mutation: You are dopey. (Int -2) [potion of
                  | mutation]
  1171 | D        | Gained mutation: You are partially covered in thin metallic
                  | scales. (AC +2) [potion of mutation]
  1687 | D        | Bought a ration for 70 gold pieces
  1687 | D        | Bought a ration for 70 gold pieces
  1687 | D        | Bought a ration for 70 gold pieces
  1687 | D        | Bought a ration for 70 gold pieces
  1687 | D        | Bought a ration for 70 gold pieces
  1742 | D        | Noticed a lindwurm
  1744 | D        | Killed a lindwurm
  1744 | D        | Reached skill level 22 in Stealth
  1849 | D        | Noticed a 12-headed hydra
  1851 | D        | Killed a 12-headed hydra
  1866 | D        | Noticed a deep elf annihilator
  1917 | D        | Got out of the dungeon alive.

Levels and vault maps discovered:
D:        dungeon_sprint_1 [red_sonja_temple_1, red_sonja_temple_small_1]

Skill      XL: |  1  2  3  4  5  6  7  8  9 10 11 |
---------------+----------------------------------+-----
Stealth        | 8 12 16 17 18 19 20 21 22 | 22.7
Fighting       | 5 7 8 10 12 13 | 13.4
Dodging        | 7 9 11 13 15 16 | 16.8
Unarmed Combat | 5 7 8 10 12 13 | 13.4

Action                   |  1- 3 |  4- 6 |  7- 9 | 10-12 || total
-------------------------+-------+-------+-------+-------++-------
Melee: Unarmed           |     5 |     9 |    10 |    94 ||   118
       Bite              |     1 |     3 |       |     9 ||    13
       Punch             |       |       |       |     6 ||     6
Invok: Berserk           |     2 |     1 |     1 |     4 ||     8
       Brothers in Arms  |       |       |       |     9 ||     9
       Trog's Hand       |       |       |       |     2 ||     2
  Use: Scroll            |       |       |     1 |       ||     1
       Potion            |       |       |       |     4 ||     4
 Stab: Sleeping          |     1 |     3 |     8 |    19 ||    31
       Distracted        |       |       |       |     2 ||     2
  Eat: Chunk             |     2 |     3 |     2 |     9 ||    16
       Ration            |       |       |       |     3 ||     3
Armor: Skin              |       |       |       |     2 ||     2
Dodge: Dodged            |     3 |     4 |     2 |    59 ||    68
